Map: Ulrena

Players

Ame - Winner!

  • Race: Zerg Zerg
  • League: Silver

EpiCycle

  • Race: Terran Terran
  • League: Bronze

VOD

Have the link to the VOD?

Description

Time

  • Played on: Nov. 15, 2015, 5:19 a.m.
  • Length: 5:41
Show
View Real Time Build Order
Export as new Build Order

Ame Zerg - Winner!

Build Orders: Hatch First, Zergling Baneling 

Get SALT Encoding   

  12  0:01  Drone  
  13  0:08  Drone  
  14  0:17  Overlord  
  14  0:42  Hatchery  
  13  0:45  Drone  
  14  0:58  Drone x2  
  16  1:13  Extractor  
  16  1:14  Drone x2  
  17  1:40  Drone  
  17  1:41  Drone  
  17  1:43  Drone  
  20  1:56  Spawning Pool  
  20  1:57  Drone  
  20  1:59  Drone  
  21  2:05  Overlord  
  21  2:09  Drone  
  21  2:15  Drone  
  23  2:16  Drone  
  24  2:33  Drone x2  
  24  2:35  Drone  
  27  2:39  Drone  
  27  2:42  Queen  
  27  2:43  Queen  
  32  2:49  Overlord  
  32  2:52  Zergling x2  
  33  2:59  Baneling Nest, Drone  
  33  3:01  Drone  
  34  3:07  Zergling x2  
  34  3:10  Zergling x2  
  36  3:13  Metabolic Boost  
  36  3:19  Zergling x2  
  37  3:25  Lair  
  37  3:29  Drone x2  
  37  3:32  Drone, Extractor  
  39  3:42  Zergling x2  
  39  3:43  Zergling x2  
  41  3:50  Overlord  
  40  4:04  Zergling x6  
  40  4:07  Overlord  
  40  4:08  Overlord x2  
  40  4:09  Overlord  
  43  4:14  Drone  
  44  4:17  Drone  
  44  4:23  Zergling x2  
  46  4:25  Roach Warren  
  46  4:30  Zergling x2  
  46  4:36  Hatchery  
  46  4:38  Drone x2  
  47  4:45  Baneling x3  
  47  4:46  Baneling x5  
  47  4:47  Zergling x8  
  47  4:48  Zergling x2  
  52  4:56  Zergling x2  
  52  4:57  Zergling x4  
  55  5:02  Overlord  
  55  5:06  Drone  
  55  5:07  Extractor  
  55  5:16  Drone x3  
  55  5:17  Drone x3  
Show
View Real Time Build Order
Export as new Build Order

EpiCycle Terran 

Build Orders:  

Get SALT Encoding   

  12  0:02  SCV  
  13  0:14  SCV  
  14  0:22  Supply Depot  
  14  0:27  SCV  
  15  0:44  SCV  
  15  0:46  Barracks  
  16  0:56  SCV  
  17  1:06  Refinery  
  17  1:08  SCV  
  18  1:20  SCV  
  19  1:34  Marine  
  19  1:39  Command Center  
  19  2:02  Bunker  
  19  2:09  Factory  
  20  2:16  Orbital Command  
  20  2:21  Marine  
  20  2:28  Supply Depot  
  20  2:54  Orbital Command  
  20  2:59  Barracks Reactor  
  20  3:04  Refinery  
  20  3:06  Hellion  
  22  3:17  Factory  
  22  3:25  SCV  
  23  3:39  Orbital Command  
  23  3:48  Marine  
  23  3:49  Marine  
  23  3:52  Factory Reactor  
  23  3:55  SCV  
  26  4:12  SCV  
  27  4:20  SCV  
  29  4:24  SCV  
  29  4:26  Factory Tech Lab  
  29  4:32  SCV, Starport  
  29  4:36  SCV  
  33  4:38  Hellion  
  33  4:39  Hellion  
  35  4:48  SCV x2  
  37  4:59  Siege Tank  
  40  5:00  SCV x2  
  42  5:13  Starport Reactor  
  42  5:21  Armory  
Tags
 
Add a new tag
Caveats
  • Supply blocks, unpowered buildings, or Contaminate may cause inaccurate times.
  • Supply counts are checked every 10 seconds.